 Dungeon Crawl Stone Soup version 0.27-a0-1200-g94dc6ad4cf (webtiles) character file.

Game seed: 972393563179896881

545 Gwenloh the Cudgeller (level 7, -2/53 HPs)
             Began as a Palentonga Warper on May 30, 2021.
             Slain by Menkaure (23 damage)
             ... on level 5 of the Dungeon.
             The game lasted 00:16:48 (4795 turns).

Gwenloh the Cudgeller (Palentonga Warper)           Turns: 4795, Time: 00:16:49

Health: -2/53      AC: 11    Str: 15    XL:     7   Next: 6%
Magic:  6/10       EV:  9    Int: 13    God:
Gold:   259        SH:  0    Dex: 11    Spells: 8/10 levels left

rFire    . . .     SeeInvis +   m - +0 flail
rCold    . . .     Faith    .   (no shield)
rNeg     . . .     Spirit   .   b - +0 leather armour
rPois    .         Reflect  .   (no helmet)
rElec    .         Harm     .   (no cloak)
rCorr    .         Rampage  .   (no gloves)
Will     .....                  (no barding)
Stlth    +.........             (no amulet)
HPRegen  0.17/turn              (no ring)
MPRegen  0.12/turn              (no ring)

@: very slightly contaminated, curled up
A: large, rugged brown scales 3, see invisible, deformed body, roll 1, armoured
tail, reflexive curl
a: Rolling Charge


You were on level 5 of the Dungeon.
You visited 1 branch of the dungeon, and saw 5 of its levels.

You collected 259 gold pieces.

Inventory:

Hand Weapons
 a - a +0 mace
 m - a +0 flail (weapon)
 q - a +0 morningstar
Missiles
 e - a boomerang of dispersal (quivered)
Armour
 b - a +0 leather armour (worn)
Scrolls
 c - a scroll of enchant armour {unknown}
 d - a scroll of blinking
 f - 4 scrolls of teleportation {unknown}
 g - a scroll of vulnerability {unknown}
 j - a scroll of identify {unknown}
 k - a scroll of magic mapping {unknown}
 l - a scroll of noise {unknown}
 o - a scroll of amnesia {unknown}
 p - a scroll of immolation {unknown}
 r - a scroll of fear {unknown}
Potions
 h - 2 potions of curing
 i - a potion of ambrosia {unknown}
 n - 3 potions of degeneration {unknown}
 s - a potion of attraction {unknown}


   Skills:
 - Level 2.0 Fighting
 * Level 6.6 Maces & Flails
 - Level 0.6 Throwing
 - Level 0.7 Armour
 - Level 1.5 Dodging
 - Level 2.0 Spellcasting
 + Level 5.0 Translocations


You had 8 spell levels left.
You knew the following spells:

 Your Spells              Type           Power      Damage    Failure   Level
a - Blink                 Tloc           N/A        N/A       6%          2

Your spell library contained the following spells:

 Spells                   Type           Power      Damage    Failure   Level
 Gell's Gravitas          Tloc           7%         N/A       12%         3
 Lesser Beckoning         Tloc           7%         N/A       12%         3
 Teleport Other           Tloc           14%        N/A       12%         3
 Shock                    Conj/Air       4%         1d3       30%         1
 Static Discharge         Conj/Air       1%         N/A       43%         2
 Swiftness                Air            1%         N/A       67%         3
 Manifold Assault         Tloc           14%        N/A       73%         5
 Airstrike                Air            0%         N/A       97%         4
 Lightning Bolt           Conj/Air       0%         1d11      100%        5


Dungeon Overview and Level Annotations

Branches:
Dungeon (5/15)
 Temple: D:4-7

Altars:
Hepliaklqana

Annotations:
D:5 Menkaure


Innate Abilities, Weirdness & Mutations

You are completely covered in rugged brown scales. (AC +3, +7% HP)
You have supernaturally acute eyesight. (SInv)
Armour fits poorly on your strangely shaped body.
You can roll at nearby foes to attack.
You have a long armoured tail.
You curl defensively after being hit.


Message History

There is a stone staircase leading up here.
Found a leather armour.
You now have 259 gold pieces (gained 9).
s - a fizzy cyan potion
Found 16 poisoned darts.
You see here 16 poisoned darts.
Menkaure, Prince of Dust comes into view.
Roll where?
Press: ? - help, Dir - move target, f - Menkaure
Aim: Menkaure You roll forward with a clatter of scales!
You hit Menkaure.
Menkaure is lightly damaged.
Menkaure hits you!
Casting: Blink (safe; 6% risk of failure)
Confirm with . or Enter, or press ? or * to list all spells.
You miscast Blink.
You are very lightly contaminated with residual magic.
Nothing appears to happen.
Menkaure completely misses you.
Casting: Blink (safe; 6% risk of failure)
Confirm with . or Enter, or press ? or * to list all spells.
You blink.
Roll where?
Press: ? - help, Dir - move target, f/p - Menkaure
Aim: Menkaure (lightly damaged)
You roll forward with a clatter of scales!
You sock Menkaure!
Menkaure is severely damaged.
You hit Menkaure.
You tail-slap Menkaure, but do no damage.
Menkaure is almost destroyed.
Menkaure closely misses you.
You barely miss Menkaure.
Menkaure is almost destroyed.
Menkaure calls on the powers of darkness!
Your body is wracked with pain!
You barely miss Menkaure.
Menkaure is almost destroyed.
Menkaure hits you!!
You die...

#.##....(....#
#.##########.#
#.# #.# #.# #.#
#.# #.# #.# #.#
#.## #.#
#....#######.#
#....@M...#
......#########
.#.#. #


You could see Menkaure.

Vanquished Creatures
  3 necrophages
  A water moccasin skeleton (D:4)
  2 hounds
  A bullfrog skeleton (D:4)
  Jessica (D:3)
  2 adders (D:4)
  4 gnolls
  3 dart slugs (D:1)
  2 orcs (D:4)
  5 ball pythons
  2 bats
  3 endoplasms
  7 giant cockroaches
  8 goblins
  8 hobgoblins
  4 quokkas
  4 frilled lizards
  7 kobolds
  6 rats
73 creatures vanquished.

Vanquished Creatures (others)
  A bat (D:1)
  3 plants (D:1)
  5 toadstools (D:1)
9 creatures vanquished.

Grand Total: 82 creatures vanquished

Notes
Turn   | Place    | Note
-------+----------+-------------------------------------------
     0 | D:1      | Gwenloh the Palentonga Warper began the quest for the Orb.
     0 | D:1      | Reached XP level 1. HP: 17/17 MP: 3/3
    53 | D:1      | Reached XP level 2. HP: 17/23 MP: 5/5
    60 | D:1      | Learned a level 2 spell: Blink
   146 | D:1      | Reached skill level 3 in Maces & Flails
   672 | D:1      | Reached XP level 3. HP: 21/28 MP: 6/6
  1016 | D:2      | Found a faded altar of an unknown god.
  1577 | D:3      | Noticed a necrophage
  1633 | D:3      | Killed a necrophage
  1634 | D:3      | Reached skill level 4 in Maces & Flails
  1634 | D:3      | Reached XP level 4. HP: 17/35 MP: 3/7
  1836 | D:3      | Reached XP level 5. HP: 40/40 MP: 8/8
  2250 | D:2      | Reached skill level 5 in Maces & Flails
  2648 | D:3      | Noticed Jessica
  2652 | D:3      | Killed Jessica
  2842 | D:3      | Found a hazy altar of Hepliaklqana.
  2952 | D:3      | Noticed a necrophage
  2966 | D:3      | HP: 1/33 [necrophage (4)]
  3326 | D:3      | Killed a necrophage
  3327 | D:3      | Reached XP level 6. HP: 19/46 MP: 6/9
  3962 | D:4      | Reached skill level 6 in Maces & Flails
  4340 | D:4      | Reached skill level 5 in Translocations
  4340 | D:4      | Gained mutation: You curl defensively after being hit.
                  | [Palentonga growth]
  4340 | D:4      | Reached XP level 7. HP: 45/53 MP: 10/10
  4701 | D:5      | Entered Level 5 of the Dungeon
  4788 | D:5      | Noticed Menkaure
  4795 | D:5      | Slain by Menkaure

Illustrated notes

Levels and vault maps discovered:
D:1:      ldierk_walled_garden, layout_loops_ring, minmay_statues_item
D:2:      layout_basic, ebering_ecumenical_altar_hall,
          chequers_serial_rivers_micro_c, chequers_serial_rivers_room_a
D:3:      layout_loops_ring, amcnicky_altar_gilded, uniq_jessica
D:4:      layout_basic
D:5:      layout_loops_ring, uniq_menkaure, uniq_edmund, uniq_crazy_yiuf_cottage

Skill      XL: |  1  2  3  4  5  6 |
---------------+-------------------+-----
Maces & Flails | 3 4 5 6 |  6.6
Translocations | 4 5 |  5.0
Fighting       | |  2.0
Throwing       | |  0.6
Armour         | |  0.7
Dodging        | |  1.5
Spellcasting   | |  2.0

Action                   |  1- 3 |  4- 6 |  7- 9 || total
-------------------------+-------+-------+-------++-------
Melee: Mace              |    96 |    23 |       ||   119
       Tailslap          |     9 |     8 |     3 ||    20
       Flail             |       |    87 |    11 ||    98
Throw: Boomerang         |     1 |     3 |       ||     4
 Cast: Blink             |     3 |    18 |     1 ||    22
 Abil: Rolling Charge    |    33 |    31 |     3 ||    67
  Use: Potion            |       |     1 |       ||     1
Armor: Leather armour    |    33 |    40 |     1 ||    74
Dodge: Dodged            |    45 |    37 |     6 ||    88

Table legend: (Time is in decaauts)
 A = Elapsed time spent in this place.
 B = Non-inter-level travel time spent in this place.
 C = Inter-level travel time spent in this place.
 D = Time resting spent in this place.
 E = Time spent auto-exploring this place.
 F = Levels seen in this place.
 G = Mean time per level.
                   A        B        C        D        E       F      G
               +--------+--------+--------+--------+--------+-----+--------+
         Total |   4839 |   4690 |    149 |    208 |   3821 |   5 |  967.8 |
       Dungeon |   4839 |   4690 |    149 |    208 |   3821 |   5 |  967.8 |
               +--------+--------+--------+--------+--------+-----+--------+

Top non-repeatable levels by time:
     D:3: 1359 daAuts
     D:2: 1355 daAuts
     D:4: 1131 daAuts
     D:1: 899 daAuts
     D:5: 94 daAuts
